 Dungeon Crawl Stone Soup version 0.30-a0-824-g6c64550be9 (webtiles) character file.

Game seed: 3363567794885387836

25531 cforsyth the Unseen (level 13, -1/78 HPs)
             Began as a Kobold Brigand on Feb 28, 2023.
             Was a High Priest of Hepliaklqana.
             Slain by Rupert
             ... wielding a +2 battleaxe of flaming
              (9 damage)
             ... on level 3 of the Lair of Beasts.
             The game lasted 00:17:35 (16810 turns).

cforsyth the Unseen (Kobold Brigand)               Turns: 16810, Time: 00:17:35

Health: -1/78      AC:  4    Str:  8    XL:     13   Next: 51%
Magic:  13/13      EV: 39    Int: 14    God:    Hepliaklqana [*****.]
Gold:   791        SH:  0    Dex: 23    Spells: 12/12 levels left

rFire   . . .      SeeInvis .    E - +0 rapier (venom)
rCold   . . .      Faith    .    (no shield)
rNeg    . . .      Spirit   .    b - +0 robe
rPois   .          Reflect  .    (no helmet)
rElec   .          Harm     .    c - +0 cloak
rCorr   .          Rampage  .    r - +0 pair of gloves
Will    .....                    (no boots)
Stlth   ++++++++                 J - amulet of regeneration
HPRegen 1.13/turn                k - ring of Kihimmeb {EV+5 Dex+3}
MPRegen 0.13/turn                l - +5 ring of evasion

@: about to teleport, marked, studying Dodging
A: reduced essence, small, no large weapons, nightstalker 3
a: Renounce Religion, Recall Ancestor, Ancestor Identity, Transference, Idealise


You were on level 3 of the Lair of Beasts.
You worshipped Hepliaklqana.
Hepliaklqana was extremely pleased with you.
You visited 3 branches of the dungeon, and saw 17 of its levels.

You collected 791 gold pieces.

Inventory:

Hand Weapons
 a - a +3 dagger of draining
 E - a +0 rapier of venom (weapon)
Missiles
 d - 55 poisoned darts (quivered)
 e - 10 curare-tipped darts
 G - 6 throwing nets
Armour
 b - a +0 robe (worn)
 c - a +0 cloak (worn)
 r - a +0 pair of gloves (worn)
Jewellery
 k - the ring of Kihimmeb (left hand) {EV+5 Dex+3}
   (You found it on level 2 of the Dungeon)

   [ring of evasion]

   EV:        It affects your evasion (+5).
   Dex:       It affects your dexterity (+3).
 l - a +5 ring of evasion (right hand)
 J - an amulet of regeneration (around neck)
Wands
 t - a wand of charming (24)
 v - a wand of flame (14)
 M - a wand of acid (4)
 N - a wand of mindburst (6)
Scrolls
 f - 3 scrolls of fear
 h - 2 scrolls of butterflies
 i - 3 scrolls of enchant weapon
 m - 2 scrolls of vulnerability
 o - 6 scrolls of teleportation
 p - 2 scrolls of blinking
 q - 3 scrolls of brand weapon
 s - 5 scrolls of amnesia
 w - 2 scrolls of immolation
 y - a scroll of magic mapping
 A - a scroll of fog {unknown}
 C - 6 scrolls of identify
 I - 2 scrolls of poison
Potions
 g - 3 potions of might
 j - 9 potions of curing
 n - 7 potions of heal wounds
 u - a potion of cancellation
 x - 4 potions of haste
 z - 7 potions of attraction
 B - a potion of mutation
 D - 2 potions of brilliance
 H - a potion of invisibility
 L - a potion of resistance


   Skills:
 + Level 12.3 Fighting
 + Level 14.4 Short Blades
 - Level 2.1 Throwing
 + Level 16.0 Dodging
 + Level 16.2 Stealth


You had 12 spell levels left.
You didn't know any spells.
Your spell library contained the following spells:

 Spells                   Type           Power      Damage    Failure   Level
 Slow                     Hex            0%         N/A       28%         1
 Ensorcelled Hibernation  Hex/Ice        0%         N/A       41%         2
 Lesser Beckoning         Tloc           0%         N/A       41%         2
 Static Discharge         Conj/Air       0%         2-2/arc   41%         2
 Call Canine Familiar     Summ           0%         N/A       65%         3
 Confusing Touch          Hex            0%         N/A       65%         3
 Dazzling Flash           Conj/Hex       0%         N/A       65%         3
 Frozen Ramparts          Ice            0%         1d1       65%         3
 Gell's Gravitas          Tloc           0%         N/A       65%         3
 Inner Flame              Hex/Fire       0%         N/A       65%         3
 Portal Projectile        Hex/Tloc       0%         N/A       65%         3
 Spider Form              Tmut/Pois      0%         N/A       65%         3
 Teleport Other           Tloc           0%         N/A       65%         3
 Vampiric Draining        Necr           0%         2d6       65%         3
 Vhi's Electric Charge    Tloc/Air       0%         N/A       65%         3
 Anguish                  Hex/Necr       0%         N/A       96%         4
 Cause Fear               Hex            0%         N/A       96%         4
 Ice Form                 Ice/Tmut       0%         N/A       96%         4
 Iskenderun's Mystic Bla  Conj/Tloc      0%         2d3       96%         4
 Leda's Liquefaction      Hex/Erth       0%         N/A       96%         4
 Summon Ice Beast         Ice/Summ       0%         N/A       96%         4
 Arcjolt                  Conj/Air       0%         1d10      100%        5
 Lightning Bolt           Conj/Air       0%         1d11      100%        5
 Summon Forest            Summ/Tloc      0%         N/A       100%        5
 Summon Mana Viper        Hex/Summ       0%         N/A       100%        5
 Starburst                Conj/Fire      0%         6d3       100%        6
 Summon Cactus Giant      Summ           0%         N/A       100%        6
 Discord                  Hex            0%         N/A       100%        8


Dungeon Overview and Level Annotations

Branches:
Dungeon (13/15)            Temple (1/1) D:7            Lair (3/5) D:11
 Spider (0/4) Lair:2          Orc (0/2) D:9
  Swamp: Lair:2-3    Shoals: Lair:2-3    Vaults: D:13-14

Altars:
Ashenzari
Cheibriados
Dithmenos
Elyvilon
Fedhas
Gozag
Hepliaklqana
Kikubaaqudgha
Makhleb
Nemelex Xobeh
Okawaru
Qazlal
Ru
Sif Muna
Trog
Uskayaw
Vehumet
Wu Jian
Xom
Yredelemnul
Zin
The Shining One

Shops:
D:2 :   D:12 [

Annotations:
D:4 2 transporters, dolemite99's ghost, amateur DsFi
Lair:1 1 runed translucent door, Jaselaoj's ghost, journeyman TrFi
Lair:3 Nessos; Rupert


Innate Abilities, Weirdness & Mutations

Your life essence is reduced to manifest your ancestor. (-10% HP)
You are small and have problems with some larger weapons.
You are completely attuned to the shadows.


Message History

The black mamba completely misses you. The bullfrog completely misses you.
Gnaeus hits Rupert with a +0 dagger of draining!
Gnaeus drains Rupert.
The water moccasin completely misses you.
You catch the helpless Rupert completely off-guard!
You perforate Rupert like a sieve!!!
Rupert looks as sick as possible!
Rupert is severely wounded.
Nessos the Markscentaur comes into view.
They are wearing a +2 barding of cold resistance.
The black mamba completely misses you. Rupert closely misses you.
Rupert hits Gnaeus with a +2 battleaxe of flaming!
Gnaeus hits Rupert with a +0 dagger of draining.
The bullfrog misses you.
The water moccasin completely misses you.
You hit Rupert.
Rupert looks as sick as possible!
Rupert is severely wounded.
The black mamba completely misses you.
The water moccasin completely misses you.
Rupert completely misses you.
Rupert hits Gnaeus with a +2 battleaxe of flaming!
Gnaeus is destroyed!
The bullfrog completely misses you.
As you read the scroll of teleportation, it crumbles to dust.
You feel strangely unstable. The water moccasin misses you.
The black mamba misses you.
The water moccasin completely misses you.
Rupert misses you.
Nessos casts a spell.
Nessos seems to speed up.
The bullfrog completely misses you.
The water moccasin completely misses you.
The black mamba completely misses you.
A death yak comes into view.
Unknown command.
The bullfrog attacks as you move away! The bullfrog completely misses you.
Nessos gestures wildly while chanting.
Nessos blinks!
The water moccasin completely misses you.
Rupert hits you with a +2 battleaxe of flaming!!
* * * LOW HITPOINT WARNING * * *
Rupert burns you!
You die...

..[................#
>.................#
........#.########
......#### ...c.#
......###
........#P#
...........
..§YS@#.###
Y..FS@### ##..SF.#
##..### ...# #...#


You could see Rupert (berserk, extremely poisoned, drained), a death yak, Nessos
(fast), a black mamba, 2 water moccasins and 2 bullfrogs.

Vanquished Creatures
  Gastronok (D:9)
  Harold (D:11)
  A hydra (D:13)
  2 boulder beetles
  4 two-headed ogres
  A fire crab (Lair:2)
  Amaemon (D:9)
  An ugly thing (D:12)
  A cyclops (D:12)
  2 manticores (D:12)
  2 gargoyles
  An orange demon (D:9)
  3 cane toads
  8 komodo dragons
  A rime drake (Lair:1)
  2 polar bears
  3 trolls
  A shadow (D:10)
  4 slime creatures (D:12)
  Sigmund (D:2)
  A wraith (D:12)
  16 yaks
  A human (D:9)
  5 vampire mosquitoes
  A steam dragon (D:7)
  3 redbacks (Lair:2)
  5 water moccasins
  2 sky beasts
  2 centaurs
  4 orc warriors
  7 wolves
  A phantom (D:6)
  3 bullfrogs
  2 kobold brigands (D:9)
  2 gnoll sergeants (D:11)
  2 necrophages
  2 scorpions
  3 killer bees (D:10)
  9 howler monkeys
  2 hounds
  6 orc priests
  2 jellies
  3 iguanas
  4 orc wizards
  10 gnolls
  7 adders
  A white imp (D:7)
  4 worms
  4 dart slugs
  32 orcs
  9 ball pythons
  10 endoplasms
  4 giant cockroaches
  5 goblins (D:3)
  2 hobgoblins
  2 jackals (D:2)
  3 quokkas
  6 bats
  4 frilled lizards
  11 kobolds
  6 rats
  A spectral kobold (D:4)
250 creatures vanquished.

Vanquished Creatures (collateral kills)
  A deep elf pyromancer (D:12)
  An ugly thing (D:12)
  A slime creature (D:12)
  A vampire (D:11)
  2 basilisks
  5 yaks
  2 water moccasins
  3 orc warriors
  A wolf (Lair:1)
  A bullfrog (D:7)
  3 orc priests
  An iguana (D:6)
  4 orc wizards
  4 gnolls
  17 orcs
  3 kobolds (D:9)
50 creatures vanquished.

Vanquished Creatures (others)
  An unseen horror (D:12)
  7 hexers
  2 fungi
  22 plants
32 creatures vanquished.

Grand Total: 332 creatures vanquished

Notes
Turn   | Place    | Note
-------+----------+-------------------------------------------
     0 | D:1      | cforsyth the Kobold Brigand began the quest for the Orb.
     0 | D:1      | Reached XP level 1. HP: 12/12 MP: 1/1
   171 | D:1      | Reached XP level 2. HP: 18/18 MP: 2/2
   588 | D:1      | Reached XP level 3. HP: 22/22 MP: 3/3
   972 | D:2      | Found Gopo's Book Emporium.
  1068 | D:2      | Reached XP level 4. HP: 27/27 MP: 4/4
  1081 | D:2      | Identified the ring of Kihimmeb {EV+5 Dex+3}
  1130 | D:2      | You fall into a shaft and drop 2 floors!
  1228 | D:3      | Reached XP level 5. HP: 32/32 MP: 5/5
  2197 | D:2      | Noticed Sigmund
  2218 | D:2      | Killed Sigmund
  2219 | D:2      | Reached XP level 6. HP: 32/38 MP: 6/6
  2824 | D:4      | Found a hazy altar of Hepliaklqana.
  2829 | D:4      | Became a worshipper of Hepliaklqana the Forgotten
  2912 | D:5      | Entered Level 5 of the Dungeon
  2990 | D:4      | Found a transporter.
  2993 | D:4      | Noticed dolemite99's ghost (amateur DsFi)
  3016 | D:4      | Found a transporter.
  3102 | D:4      | Found a shadowy altar of Dithmenos.
  3103 | D:4      | Found a shimmering altar of Xom.
  3106 | D:4      | Found an ancient bone altar of Kikubaaqudgha.
  3462 | D:4      | Reached skill level 5 in Short Blades
  3462 | D:4      | Reached XP level 7. HP: 43/43 MP: 7/7
  3850 | D:5      | Reached * piety under Hepliaklqana
  4169 | D:5      | Noticed a water moccasin
  4176 | D:5      | Killed a water moccasin
  4177 | D:5      | Reached XP level 8. HP: 27/43 MP: 8/8
  4647 | D:6      | Found a blossoming altar of Fedhas.
  4781 | D:6      | Reached skill level 5 in Fighting
  4781 | D:6      | Reached skill level 5 in Dodging
  5161 | D:6      | Reached ** piety under Hepliaklqana
  5162 | D:6      | Remembered your ancestor Gnaeus as a hexer
  6318 | D:7      | Found a white marble altar of Elyvilon.
  6362 | D:7      | Reached XP level 9. HP: 49/49 MP: 9/9
  6604 | D:7      | Found a staircase to the Ecumenical Temple.
  6638 | Temple   | Entered the Ecumenical Temple
  6915 | D:7      | Found a burning altar of Makhleb.
  7231 | D:8      | Reached skill level 10 in Stealth
  7888 | D:9      | Noticed Gastronok
  7897 | D:9      | Killed Gastronok
  7898 | D:9      | Reached XP level 10. HP: 57/57 MP: 10/10
  8136 | D:9      | Found a staircase to the Orcish Mines.
  8154 | D:9      | Reached *** piety under Hepliaklqana
  9208 | D:9      | Noticed Amaemon
  9210 | D:9      | Noticed an orange demon
  9217 | D:9      | Killed Amaemon
  9218 | D:9      | Reached skill level 10 in Short Blades
  9231 | D:9      | Killed an orange demon
  9533 | D:10     | Entered Level 10 of the Dungeon
  9541 | D:10     | Identified a scroll of acquirement
  9765 | D:10     | Acquired a manual of Dodging
 10062 | D:10     | Reached XP level 11. HP: 52/62 MP: 11/11
 10321 | D:9      | Reached skill level 10 in Dodging
 10609 | D:10     | Found a snail-covered altar of Cheibriados.
 10785 | D:10     | Reached **** piety under Hepliaklqana
 11051 | D:11     | Noticed a two-headed ogre
 11063 | D:11     | Killed a two-headed ogre
 11574 | D:11     | Reached skill level 10 in Fighting
 11774 | D:11     | Identified the +0 hand axe "Osofoc" {freeze, SInv}
 12463 | D:11     | Noticed Harold
 12470 | D:11     | Killed Harold
 12471 | D:11     | Reached XP level 12. HP: 70/70 MP: 12/12
 12554 | D:11     | Found a staircase to the Lair.
 12763 | D:12     | Noticed a two-headed ogre
 12767 | D:12     | Killed a two-headed ogre
 13152 | D:12     | Noticed a boulder beetle
 13156 | D:12     | Killed a boulder beetle
 13388 | D:12     | Noticed a two-headed ogre
 13392 | D:12     | Killed a two-headed ogre
 13458 | D:12     | Found Buisuatz's Antique Armour Shoppe.
 13888 | D:12     | Reached skill level 15 in Stealth
 14450 | D:12     | Noticed a two-headed ogre
 14466 | D:12     | Killed a two-headed ogre
 14564 | D:13     | Noticed a four-headed hydra
 14578 | D:13     | Killed a four-headed hydra
 14579 | D:13     | Reached XP level 13. HP: 30/75 MP: 13/13
 14670 | Lair:1   | Entered Level 1 of the Lair of Beasts
 14798 | Lair:1   | Identified the +0 ring mail of Wonder {Dex+3}
 14837 | Lair:1   | Reached skill level 15 in Dodging
 15175 | Lair:1   | Reached ***** piety under Hepliaklqana
 15407 | Lair:1   | Found a runed translucent door.
 15408 | Lair:1   | Identified the +6 trident "Hysedai Xett" {freeze, rCorr}
 15412 | Lair:1   | Noticed Jaselaoj's ghost (journeyman TrFi)
 15996 | Lair:2   | Found a hole to the Spider Nest.
 16789 | Lair:3   | Noticed Rupert
 16807 | Lair:3   | Noticed Nessos
 16810 | Lair:3   | Slain by Rupert

Illustrated notes

Levels and vault maps discovered:
D:1:      sevenhm_arrival_forest_fort_large_2, layout_basic
D:2:      layout_basic, serial_shops, shop, uniq_sigmund
D:3:      layout_loops_ring, kennysheep_nub, hangedman_feature_mirror
D:4:      layout_basic, nicolae_hepliaklqana_monster_ancestors, minitemple,
          nicolae_ossuary_entry_false_entrances, gammafunk_ghost_arena,
          grunt_decor_cap
D:5:      layout_basic, minmay_checkerbox
D:6:      layout_gridville, nicolae_overflow_crystal_walls
D:7:      layout_cave_pools, old_standard_altar, lemuel_round_altar,
          minmay_temple_entry_grid, hangedman_abyss_or_decor_stabs,
          grunt_ministairs_9
D:8:      layout_basic
D:9:      layout_long_grid, erik_orc_4, uniq_amaemon, uniq_gastronok
D:10:     layout_stronghold, cheibrodos_worm_habitat
D:11:     layout_layer_cave, david_lair_shrubbed, uniq_harold
D:12:     kennysheep_ambush_hall, layout_loops_corners, serial_shops,
          shop_statue, grunt_ogre_cave
D:13:     layout_gridville, serial_shops, shop
Temple:   eino_narrow_crystal_temple
Lair:1:   layout_hall_layers, ebering_ghost_funeral_grove
Lair:2:   layout_cave_pods, spider_nest_entry_webs, minivault_26,
          grunt_megastairs_1, lemuel_fruit_tree
Lair:3:   layout_small_grid, skrybe_swamp_entry_bodies, uniq_nessos, uniq_rupert

Skill      XL: |  1  2  3  4  5  6  7  8  9 10 11 12 13 |
---------------+----------------------------------------+-----
Short Blades   | 3 4 5 7 9 10 12 13 14 | 14.4
Dodging        | 2 3 4 6 8 9 12 14 16 | 16.0
Fighting       | 3 4 6 7 8 10 11 12 | 12.3
Stealth        | 6 7 9 11 12 13 15 16 | 16.2
Throwing       | |  2.1

Action                     |  1- 3 |  4- 6 |  7- 9 | 10-12 | 13-15 || total
---------------------------+-------+-------+-------+-------+-------++-------
  Melee: Dagger            |    48 |   111 |   109 |       |       ||   268
         Punch             |       |       |     2 |     8 |     1 ||    11
         Rapier            |       |       |    74 |   598 |   156 ||   828
 Invoke: Ancestor Life: He |       |       |     1 |       |       ||     1
         Recall Ancestor   |       |       |       |     1 |       ||     1
    Use: Scroll            |       |     8 |       |    13 |     6 ||    27
         Potion            |       |       |       |     1 |       ||     1
   Stab: Sleeping          |    23 |    30 |    16 |    12 |    11 ||    92
         Distracted        |       |       |     4 |    15 |     7 ||    26
         Confused          |       |       |     2 |     9 |     7 ||    18
 Armour: Robe              |     4 |     4 |     3 |    21 |     2 ||    34
  Dodge: Dodged            |    16 |    57 |   108 |   638 |   121 ||   940

Table legend: (Time is in decaauts)
 A = Elapsed time spent in this place.
 B = Non-inter-level travel time spent in this place.
 C = Inter-level travel time spent in this place.
 D = Time resting spent in this place.
 E = Time spent auto-exploring this place.
 F = Levels seen in this place.
 G = Mean time per level.
                   A        B        C        D        E       F      G
               +--------+--------+--------+--------+--------+-----+--------+
         Total |  16449 |  15852 |    597 |   1836 |  12016 |  17 |  967.6 |
       Dungeon |  14193 |  13657 |    536 |   1836 |  10079 |  13 | 1091.8 |
        Temple |    192 |    179 |     13 |      0 |    169 |   1 |  192.0 |
          Lair |   2062 |   2014 |     48 |      0 |   1768 |   3 |  687.3 |
               +--------+--------+--------+--------+--------+-----+--------+

Top non-repeatable levels by time:
    D:12: 1806 daAuts
     D:8: 1617 daAuts
    D:10: 1484 daAuts
     D:6: 1474 daAuts
    D:11: 1357 daAuts
  Lair:2: 1140 daAuts
     D:9: 1068 daAuts
     D:2: 1036 daAuts
     D:5: 995 daAuts
     D:4: 952 daAuts
  Lair:1: 862 daAuts
     D:3: 828 daAuts
     D:1: 791 daAuts
     D:7: 760 daAuts
  Temple: 192 daAuts
